 Dungeon Crawl Stone Soup version 0.30-a0-738-g116ff8c4af (webtiles) character file.

Game seed: 12365441227293529998

7455 EmilyW the Cleaver (level 10, -1/132 HPs)
             Began as a Minotaur Fighter on Feb 3, 2023.
             Was a Believer of Nemelex Xobeh.
             Succumbed to Josephine's poison
             ... on level 12 of the Dungeon.
             The game lasted 00:39:56 (8603 turns).

EmilyW the Cleaver (Minotaur Fighter)               Turns: 8603, Time: 00:39:57

Health: -1/132     AC: 18    Str: 23    XL:     10   Next: 94%
Magic:  9/9        EV:  9    Int:  5    God:    Nemelex Xobeh [**....]
Gold:   398        SH:  0    Dex: 12    Spells: 8/9 levels left

rFire   . . .      SeeInvis .    i - +2 broad axe (freeze)
rCold   . . .      Faith    .    D - orb {*Rage}
rNeg    . . .      Spirit   .    k - +0 chain mail
rPois   +          Reflect  .    (helmet restricted)
rElec   .          Harm     .    h - scarf {shadows}
rCorr   .          Rampage  .    E - +2 pair of gloves
Will    .....      Rage     20%  K - +2 pair of boots Stlth
                                 y - amulet of regeneration
HPRegen 1.22/turn                r - +4 ring of slaying
MPRegen 0.11/turn                b - ring of poison resistance

@: berserking, lethally poisoned (-1 -> -7), slowed
A: horns 2, retaliatory headbutt
a: Renounce Religion, Draw Escape, Draw Destruction, Draw Summoning


You were on level 12 of the Dungeon.
You worshipped Nemelex Xobeh.
Nemelex Xobeh was pleased with you.
You visited 2 branches of the dungeon, and saw 11 of its levels.

You collected 518 gold pieces.
You spent 120 gold pieces at shops.

Inventory:

Hand Weapons
 a - a +0 war axe
 i - a +2 broad axe of freezing (weapon)
 L - a +3 war axe
Missiles
 s - 3 datura-tipped darts
 C - a javelin
 F - 4 curare-tipped darts
 J - 19 poisoned darts (quivered)
Armour
 c - a +0 buckler
 h - a scarf of shadows (worn)
 k - a +0 chain mail (worn)
 D - an orb of wrath (worn)
 E - a +2 pair of gloves (worn)
 K - a +2 pair of boots (worn)
Jewellery
 b - a ring of poison resistance (right hand)
 e - a ring of wizardry
 r - a +4 ring of slaying (left hand)
 y - an amulet of regeneration (around neck)
 B - a ring of magical power
 G - an amulet of guardian spirit
 H - an amulet of reflection
 I - a ring of fire
Wands
 m - a wand of flame (5)
Scrolls
 g - 4 scrolls of teleportation
 l - 5 scrolls of fear
 o - a scroll of fog
 p - 2 scrolls of torment {unknown}
 q - 2 scrolls of enchant weapon {unknown}
 v - a scroll of amnesia {unknown}
 x - a scroll of identify
 z - a scroll of blinking {unknown}
 M - a scroll of poison {unknown}
 N - a scroll of magic mapping
Potions
 d - 8 potions of might
 f - 9 potions of curing
 j - a potion of invisibility {unknown}
 n - a potion of brilliance {unknown}
 t - 2 potions of heal wounds
 u - 3 potions of haste
 w - 2 potions of resistance {unknown}
 A - a potion of berserk rage {unknown}


   Skills:
 + Level 8.2 Fighting
 + Level 13.3 Axes
 + Level 6.6 Throwing
 + Level 9.9 Armour
 + Level 2.3 Dodging
 + Level 1.7 Stealth
 + Level 5.1 Shields
 + Level 0.2 Spellcasting
 + Level 0.2 Conjurations
 + Level 0.2 Fire Magic


You had 8 spell levels left.
You knew the following spells:

 Your Spells              Type           Power      Damage    Failure   Level
a - Foxfire               Conj/Fire      0%         2x1d4     95%         1

Your spell library contained the following spells:

 Spells                   Type           Power      Damage    Failure   Level
 Freeze                   Ice            0%         1d3       97%         1
 Summon Small Mammal      Summ           0%         N/A       97%         1
 Scorch                   Fire           0%         2d5       99%         2
 Call Canine Familiar     Summ           0%         N/A       100%        3
 Frozen Ramparts          Ice            0%         1d1       100%        3
 Hailstorm                Conj/Ice       0%         3d3       100%        3
 Summon Guardian Golem    Hex/Summ       0%         N/A       100%        3
 Flame Wave               Conj/Fire      0%         2d4       100%        4
 Fireball                 Conj/Fire      0%         3d3       100%        5
 Starburst                Conj/Fire      0%         6d3       100%        6
 Summon Cactus Giant      Summ           0%         N/A       100%        6


Dungeon Overview and Level Annotations

Branches:
Dungeon (12/15)            Temple (1/1) D:4
   Lair: D:8-11         Orc: D:9-12

Altars:
Ashenzari
Cheibriados
Dithmenos
Elyvilon
Fedhas
Gozag
Hepliaklqana
Kikubaaqudgha
Makhleb
Nemelex Xobeh
Okawaru
Qazlal
Trog
Uskayaw
Vehumet
Wu Jian
Yredelemnul
Zin
The Shining One

Shops:
D:3 !   D:7 *

Portals:
Gauntlet: D:12


Innate Abilities, Weirdness & Mutations

You have a pair of horns on your head.
You reflexively headbutt those who attack you in melee.


Message History

Josephine is severely wounded.
You hit the wraith but do no damage. You slash the wraith!
You hit the wraith but do no damage.
* * * LOW HITPOINT WARNING * * *
You feel extremely sick. The wraith hits you but does no damage.
Josephine hits you with a +4 dagger of venom.
* * * LOW HITPOINT WARNING * * *
The wraith hits you but does no damage. x2
A red film seems to cover your vision as you go berserk!
You feel yourself moving faster!
You feel mighty!
You hit Josephine. You freeze Josephine.
Josephine is severely wounded.
You slash the wraith! You freeze the wraith. You slash the wraith!
You freeze the wraith. You slash the wraith! You freeze the wraith.
* * * LOW HITPOINT WARNING * * *
You feel very sick. The wraith hits you but does no damage.
Josephine hits you but does no damage.
You are lethally poisoned!
The wraith misses you. The wraith hits you but does no damage.
You are too berserk!
You barely miss the wraith. You headbutt the wraith!
The wraith is almost destroyed.
You slice Josephine!! You freeze Josephine.
You kill Josephine!
You hit the wraith but do no damage. You slash the wraith!
* * * LOW HITPOINT WARNING * * *
You feel very sick. The wraith barely misses you. The wraith hits you.
* * * LOW HITPOINT WARNING * * *
The wraith drains your vigour!
You feel as though you will be slow longer.
The wraith barely misses you.
Your life force feels restored.
You barely miss the wraith. Your headbutt misses the wraith.
The wraith is almost destroyed.
You closely miss the wraith. You slash the wraith!
You destroy the wraith!
You die...
Your body glows slightly and disappears.

* *,* #.#
*********#.....∩..
*****,* #.#
#.................
,,,,,,*
#.######.........########
*******
#..............,,**,,,,,*
#..............,,,+,,,,,+
#.............#****,,,,,*
#.............# *,,,,,*
#.......)W....# *,,,,,*
#.......@W....#****,,,,,*
#..............,,**,,,,,*
#.............#*,**,,,,,*
#..(..........#*,**,,,,,*
#..........$...*,**,,,,,*
#..............*,**,,,,,*
*,.............*,********
*,,,,,,,,,,,,,**,*
*,*,******+*****,*


You could see 2 wraiths.

Vanquished Creatures
  Josephine (D:12)
  Erica (D:8)
  A two-headed ogre (D:12)
  A kobold demonologist (D:12)
  2 ice devils (D:9)
  A hornet (D:5)
  A wraith (D:12)
  5 yaks (D:9)
  Sigmund (D:3)
  A steam dragon (D:8)
  2 water moccasins (D:6)
  2 orc warriors (D:7)
  2 ice beasts (D:6)
  5 sky beasts
  A black bear (D:6)
  4 centaurs
  2 ogres (D:7)
  A phantom (D:4)
  5 kobold brigands
  Blork the orc (D:6)
  A necrophage (D:5)
  3 bullfrogs
  3 scorpions
  8 wights
  4 killer bees (D:9)
  2 electric eels (D:12)
  A bullfrog zombie (D:4)
  3 orc priests
  3 hounds
  An iguana (D:5)
  Ijyb (D:3)
  2 orc wizards
  8 gnolls
  4 adders
  2 white imps
  2 ufetubi
  2 adder zombies (D:4)
  3 dart slugs
  27 orcs
  2 bats
  6 endoplasms
  3 goblins
  4 hobgoblins
  11 jackals
  20 kobolds
  3 quokkas
  2 training dummies (D:6)
  10 ball pythons
  4 frilled lizards
  A jackal zombie (D:4)
  A quokka zombie (D:4)
  5 rats (D:3)
192 creatures vanquished.

Vanquished Creatures (collateral kills)
  An adder (D:5)
1 creature vanquished.

Vanquished Creatures (others)
  5 demonic plants (D:9)
  2 foxfires (D:2)
  3 plants (D:4)
10 creatures vanquished.

Grand Total: 203 creatures vanquished

Notes
Turn   | Place    | Note
-------+----------+-------------------------------------------
     0 | D:1      | EmilyW the Minotaur Fighter began the quest for the Orb.
     0 | D:1      | Reached XP level 1. HP: 19/19 MP: 0/0
   102 | D:1      | Reached XP level 2. HP: 27/27 MP: 1/1
   242 | D:2      | Reached skill level 3 in Axes
   242 | D:2      | Reached XP level 3. HP: 29/33 MP: 2/2
   738 | D:1      | Learned a level 1 spell: Foxfire
   869 | D:1      | Found a faded altar of an unknown god.
   963 | D:2      | Reached XP level 4. HP: 40/40 MP: 3/3
  1618 | D:3      | Reached skill level 4 in Axes
  1805 | D:3      | Noticed Ijyb
  1815 | D:3      | Killed Ijyb
  1816 | D:3      | Reached XP level 5. HP: 17/47 MP: 4/4
  1819 | D:3      | Found Ugryeq's Distillery.
  1978 | D:3      | Bought a potion of heal wounds for 60 gold pieces
  1978 | D:3      | Bought a potion of heal wounds for 60 gold pieces
  2065 | D:3      | Found a glowing silver altar of Zin.
  2123 | D:3      | Found an ornate altar of the Wu Jian Council.
  2343 | D:3      | Noticed Sigmund
  2363 | D:3      | Killed Sigmund
  2364 | D:3      | Reached skill level 5 in Axes
  2364 | D:3      | Reached skill level 1 in Throwing
  2364 | D:3      | Reached skill level 5 in Armour
  2364 | D:3      | Reached XP level 6. HP: 42/53 MP: 5/5
  2396 | D:3      | Found an opulent altar of Gozag.
  2544 | D:4      | Found a basalt altar of Yredelemnul.
  2619 | D:4      | Reached skill level 6 in Axes
  2636 | D:4      | Found a staircase to the Ecumenical Temple.
  2677 | Temple   | Entered the Ecumenical Temple
  2760 | Temple   | Became a worshipper of Nemelex Xobeh the Trickster
  2775 | Temple   | Identified a scroll of acquirement
  2775 | Temple   | Acquired a +2 broad axe of freezing
  2834 | D:4      | Reached skill level 5 in Fighting
  2834 | D:4      | Reached XP level 7. HP: 61/61 MP: 6/6
  3435 | D:4      | Found a hazy altar of Hepliaklqana.
  3502 | D:5      | Entered Level 5 of the Dungeon
  3728 | D:5      | Reached skill level 7 in Axes
  3737 | D:5      | Noticed a hornet
  3748 | D:5      | Killed a hornet
  3749 | D:5      | Reached XP level 8. HP: 24/69 MP: 7/7
  3833 | D:5      | Found a stormy altar of Qazlal.
  4203 | D:6      | Found a snail-covered altar of Cheibriados.
  4214 | D:6      | Found a burning altar of Makhleb.
  4394 | D:6      | Reached skill level 8 in Axes
  4550 | D:6      | Reached * piety under Nemelex Xobeh
  4632 | D:6      | Noticed Blork the orc
  4640 | D:6      | Killed Blork the orc
  4641 | D:6      | Reached skill level 5 in Shields
  4765 | D:6      | Reached skill level 1 in Dodging
  4961 | D:6      | Reached skill level 9 in Axes
  4985 | D:6      | Reached XP level 9. HP: 75/75 MP: 8/8
  5477 | D:7      | Reached skill level 5 in Throwing
  5637 | D:7      | Found a radiant altar of Vehumet.
  5742 | D:7      | You fall into a shaft and drop 1 floor!
  5774 | D:8      | Reached skill level 10 in Axes
  5859 | D:8      | Reached skill level 1 in Stealth
  6025 | D:8      | Noticed Erica
  6032 | D:8      | Killed Erica
  6121 | D:7      | Reached skill level 11 in Axes
  6211 | D:7      | Found Fehaocvi's Island Escapes.
  6334 | D:8      | Found an iron altar of Okawaru.
  6363 | D:7      | Received a gift from Nemelex Xobeh
  6430 | D:7      | Reached XP level 10. HP: 86/86 MP: 0/9
  6471 | D:7      | Found a bloodstained altar of Trog.
  7259 | D:8      | Reached ** piety under Nemelex Xobeh
  7945 | D:9      | Reached skill level 12 in Axes
  8305 | D:9      | You fall into a shaft and drop 3 floors!
  8403 | D:12     | Received a gift from Nemelex Xobeh
  8416 | D:12     | Noticed a two-headed ogre
  8421 | D:12     | Killed a two-headed ogre
  8497 | D:12     | Found a gate leading to a gauntlet.
  8534 | D:12     | Reached skill level 13 in Axes
  8593 | D:12     | Noticed Josephine
  8602 | D:12     | Killed Josephine
  8602 | D:12     | HP: 5/126 [poisoned by Josephine]
  8602 | D:12     | HP: 1/126 [wraith[Josephine] (4)]
  8603 | D:12     | Succumbed to Josephine's poison

Illustrated notes

Levels and vault maps discovered:
D:1:      psy_arrival_radial01, layout_rooms,
          shapermc_ecumenical_altar_mp_highgroup
D:2:      layout_basic, grunt_ministairs_10
D:3:      layout_loops_ring, pdpol_temple_overflow_zin_treasury_gozag_greed,
          mainiacjoe_overflow_alcove_1, serial_shops, nicolae_shop_statue_plus,
          chequers_serial_rivers_micro_c, uniq_ijyb, uniq_sigmund
D:4:      minmay_spotlight, layout_loops_ring, nicolae_yredelemnul_corpse_copse,
          mainiacjoe_overflow_alcove_4, minmay_temple_entry_wispy,
          minmay_bisected
D:5:      layout_basic, nicolae_overflow_crystal_walls
D:6:      dreamdust_elfheim, layout_basic, amethyst_overflow_temple_binary,
          uniq_blork_the_orc
D:7:      layout_basic, trog_antimagical, fiery_altar_vehumet,
          minmay_door_square, nicolae_island_escapes
D:8:      layout_basic, lemuel_doored_altar, minivault_27, uniq_erica
D:9:      layout_loops_ring, xom_shifter_show, david_lair_generic,
          serial_demonic, serial_demonic_f, serial_demonic_e, serial_demonic_d,
          serial_demonic_b, uniq_joseph, uniq_erolcha, uniq_harold
D:12:     layout_basic, gauntlet_entry_generic, water_boxes_lemuel,
          uniq_josephine
Temple:   nicolae_temple_superstar

Skill      XL: |  1  2  3  4  5  6  7  8  9 10 |
---------------+-------------------------------+-----
Fighting       | 4 5 7 8 |  8.2
Armour         | 4 5 6 7 8 9 |  9.9
Axes           | 3 4 5 6 7 9 11 13 | 13.3
Shields        | 4 5 |  5.1
Throwing       | 1 3 4 6 |  6.6
Dodging        | 1 2 |  2.3
Stealth        | 1 |  1.7
Spellcasting   | |  0.2
Conjurations   | |  0.2
Fire Magic     | |  0.2

Action                     |  1- 3 |  4- 6 |  7- 9 | 10-12 || total
---------------------------+-------+-------+-------+-------++-------
  Melee: War axe           |    59 |    86 |       |       ||   145
         Headbutt          |     6 |    21 |    25 |    18 ||    70
         Broad axe         |       |     5 |   143 |    70 ||   218
  Throw: Javelin           |       |    11 |     7 |       ||    18
         Dart              |       |       |    73 |     6 ||    79
         Throwing net      |       |       |     2 |       ||     2
   Cast: Foxfire           |       |     1 |       |       ||     1
  Evoke: Wand              |       |     1 |       |       ||     1
    Use: Scroll            |     1 |     3 |    12 |     1 ||    17
         Potion            |       |       |     4 |     1 ||     5
 Armour: Scale mail        |    37 |       |       |       ||    37
         Chain mail        |     1 |    42 |    76 |    49 ||   168
  Dodge: Dodged            |    41 |    29 |    48 |    25 ||   143
  Block: Buckler           |    14 |    24 |    17 |       ||    55

Table legend: (Time is in decaauts)
 A = Elapsed time spent in this place.
 B = Non-inter-level travel time spent in this place.
 C = Inter-level travel time spent in this place.
 D = Time resting spent in this place.
 E = Time spent auto-exploring this place.
 F = Levels seen in this place.
 G = Mean time per level.
                   A        B        C        D        E       F      G
               +--------+--------+--------+--------+--------+-----+--------+
         Total |   8877 |   8424 |    453 |   1666 |   4166 |  11 |  807.0 |
       Dungeon |   8761 |   8322 |    439 |   1666 |   4090 |  10 |  876.1 |
        Temple |    115 |    101 |     14 |      0 |     76 |   1 |  115.0 |
               +--------+--------+--------+--------+--------+-----+--------+

Top non-repeatable levels by time:
     D:8: 1484 daAuts
     D:6: 1305 daAuts
     D:7: 1108 daAuts
     D:3: 979 daAuts
     D:2: 937 daAuts
     D:4: 918 daAuts
     D:5: 687 daAuts
     D:1: 614 daAuts
     D:9: 427 daAuts
    D:12: 299 daAuts
  Temple: 115 daAuts
